Map: Submarine LE

Players

Epic - Winner!

  • Race: Terran Terran
  • League: Grandmaster
  • Spawn Location: 5:00

Vindicta

  • Race: Terran Terran
  • League: Master
  • Spawn Location: 11:00

Event: The Miserable Cup

VOD

Have the link to the VOD?

Description

Time

  • Played on: June 18, 2020, 12:09 p.m.
  • Length: 11:58

All games in this series

Show
View Real Time Build Order
Export as new Build Order

Epic Terran - Winner!

Build Orders: Reaper Expand 

Get SALT Encoding   

  12  0:00  SCV  
  13  0:12  SCV  
  14  0:17  Supply Depot  
  14  0:24  SCV  
  15  0:38  SCV  
  15  0:39  Barracks  
  16  0:43  Refinery  
  16  0:50  SCV  
  17  1:03  SCV  
  18  1:15  SCV  
  19  1:25  Reaper  
  19  1:27  Orbital Command  
  20  1:46  Command Center  
  20  1:52  SCV  
  21  1:55  Supply Depot  
  21  1:58  Marine  
  22  2:08  Factory  
  22  2:09  SCV  
  23  2:16  Refinery  
  23  2:21  Barracks Reactor, SCV  
  24  2:34  SCV  
  25  2:46  SCV  
  26  2:53  Starport  
  26  2:54  Factory Tech Lab  
  26  2:58  SCV, Marine x2  
  29  3:00  Orbital Command  
  29  3:10  SCV  
  30  3:15  Marine x2  
  30  3:17  Siege Tank  
  30  3:18  Supply Depot  
  35  3:22  SCV  
  35  3:26  SCV  
  37  3:36  Marine x2  
  37  3:39  Medivac  
  37  3:41  SCV, Supply Depot  
  41  3:42  SCV  
  41  3:48  Refinery  
  43  3:54  SCV x2, Cyclone  
  43  3:55  Marine x2  
  50  4:06  SCV x2  
  50  4:07  Supply Depot  
  52  4:10  Starport Tech Lab  
  52  4:13  Marine x2  
  54  4:22  SCV x2  
  56  4:27  Command Center  
  55  4:39  Marine x2  
  55  4:40  Raven  
  55  4:42  SCV x2  
  55  4:43  Siege Tank  
  64  4:47  Supply Depot  
  64  4:54  SCV x2  
  66  5:11  Barracks Tech Lab  
  66  5:16  SCV x2, Siege Tank  
  66  5:19  Refinery  
  66  5:20  Engineering Bay  
  71  5:21  Engineering Bay  
  71  5:28  Barracks  
  71  5:29  Stimpack  
  71  5:30  Barracks  
  71  5:32  SCV x2  
  71  5:35  Viking  
  75  5:41  Viking  
  77  5:46  SCV x2  
  77  5:49  Orbital Command  
  82  5:58  SCV x2  
  82  6:03  Marine  
  82  6:06  Terran Infantry Weapons Level 1  
  82  6:08  Viking  
  84  6:11  Viking  
  84  6:12  Terran Infantry Armor Level 1  
  84  6:14  SCV  
  84  6:15  SCV  
  84  6:17  Orbital Command  
  85  6:20  Barracks Reactor  
  85  6:21  Barracks Reactor, Marine  
  86  6:30  SCV x2  
  86  6:31  Siege Tank  
  91  6:33  Supply Depot x2  
  91  6:38  Viking  
  93  6:48  Supply Depot  
  93  6:51  Supply Depot  
  93  6:54  Viking, SCV x3, Marine  
  93  7:01  Marine x4  
  99  7:03  Siege Tank  
  99  7:07  SCV x3  
  107  7:09  Combat Shield  
  107  7:10  Supply Depot  
  107  7:12  Marine  
  107  7:14  Viking  
  110  7:19  SCV x2, Marine x4  
  116  7:24  Viking  
  116  7:25  SCV  
  119  7:31  Barracks  
  119  7:32  Barracks  
  119  7:33  Marine  
  119  7:35  Armory  
  119  7:38  Supply Depot  
  119  7:39  SCV x2  
  119  7:40  SCV, Refinery  
  119  7:42  Refinery  
  122  7:45  Supply Depot  
  122  7:46  Marine x4  
  126  7:51  Marine  
  126  7:55  Siege Tank  
  130  7:58  SCV x3  
  130  8:04  Marine  
  133  8:06  Supply Depot  
  133  8:07  Supply Depot  
  133  8:08  Marine x3  
  133  8:09  Marine  
  133  8:10  Medivac x2  
  141  8:13  SCV  
  141  8:14  SCV x2  
  141  8:15  Factory  
  141  8:16  Supply Depot  
  136  8:29  Marine  
  136  8:30  Marine x4  
  136  8:31  Siege Tank  
  139  8:35  Barracks Reactor x2  
  136  8:47  Marine  
  136  8:48  Marine x3  
  110  8:49  Marine  
  110  8:50  Medivac x2  
  110  8:52  SCV x3  
  117  9:01  Terran Infantry Armor Level 2, Terran Infantry Weapons Level 2  
  114  9:05  Marine x2, Factory Tech Lab  
  112  9:10  Command Center  
  112  9:11  Marine x7  
  119  9:18  Siege Tank  
  119  9:23  Marine x2  
  119  9:29  Medivac x2, Marine x6, Siege Tank  
  118  9:34  Terran Vehicle Weapons Level 1  
  118  9:39  Marine  
  118  9:41  Marine x2  
  121  9:47  Marine x4  
  121  9:52  Marine x2  
  127  9:57  Marine, Siege Tank  
  127  9:59  Marine x2  
  133  10:01  Siege Tank  
  133  10:04  Marine x2  
  133  10:05  Marine x2  
  140  10:07  Supply Depot  
  140  10:08  Medivac  
  140  10:09  Medivac, Marine  
  144  10:15  Supply Depot  
  144  10:21  Marine  
  144  10:22  Marine x7  
  149  10:35  Siege Tank  
  149  10:36  Siege Tank  
  149  10:40  Viking x2  
  158  10:46  Marine x9  
  166  11:04  Marine x9  
  174  11:13  Planetary Fortress  
  174  11:15  Command Center  
  174  11:19  Siege Tank x2  
  174  11:21  Marine  
  161  11:29  Marine x8  
  161  11:39  Marine  
Show
View Real Time Build Order
Export as new Build Order

Vindicta Terran 

Build Orders: Reaper Expand 

Get SALT Encoding   

  12  0:00  SCV  
  13  0:13  SCV  
  14  0:18  Supply Depot  
  14  0:25  SCV  
  15  0:40  SCV  
  15  0:41  Barracks  
  16  0:46  Refinery  
  16  0:52  SCV  
  17  1:04  SCV  
  18  1:16  SCV  
  19  1:29  Reaper, Orbital Command  
  20  1:46  Command Center  
  20  1:53  Supply Depot  
  20  1:55  SCV  
  20  2:01  Marine  
  22  2:07  SCV  
  23  2:10  Factory  
  23  2:19  SCV  
  23  2:21  Refinery, Marine  
  25  2:31  SCV, Bunker  
  26  2:42  Barracks Reactor  
  26  2:43  SCV  
  27  2:55  SCV, Hellion  
  27  2:57  Starport  
  31  3:08  SCV, Orbital Command  
  31  3:13  Refinery  
  31  3:17  Factory Tech Lab  
  31  3:18  Marine  
  31  3:19  Marine  
  33  3:20  SCV  
  35  3:36  Viking, Marine x2  
  35  3:38  Siege Tank  
  40  3:42  SCV  
  40  3:44  SCV  
  42  3:49  Supply Depot  
  42  3:54  SCV  
  43  3:56  SCV  
  43  4:00  Supply Depot, Marine  
  43  4:02  Marine  
  46  4:07  Starport Tech Lab  
  46  4:10  SCV, Siege Tank  
  46  4:15  SCV  
  51  4:23  SCV  
  52  4:26  Raven  
  52  4:27  SCV, Marine  
  52  4:28  Marine  
  57  4:35  SCV  
  58  4:39  SCV  
  58  4:43  Siege Tank  
  62  4:47  Supply Depot x2  
  62  4:56  Marine x2  
  62  5:01  Command Center  
  62  5:08  SCV x2  
  64  5:15  Siege Tank  
  64  5:20  SCV x2  
  69  5:23  Viking x2  
  69  5:26  Stimpack  
  69  5:27  Marine  
  74  5:32  SCV x2, Supply Depot  
  76  5:44  SCV  
  76  5:46  SCV, Marine, Barracks  
  76  5:48  Barracks  
  79  5:53  Viking  
  79  5:55  Viking  
  79  5:56  SCV  
  84  5:59  Refinery  
  84  6:02  Siege Tank  
  87  6:06  SCV  
  87  6:09  SCV  
  89  6:13  Orbital Command  
  89  6:21  Engineering Bay  
  89  6:22  SCV x2  
  89  6:23  Engineering Bay  
  91  6:26  Marine  
  92  6:34  SCV x2, Orbital Command  
  92  6:35  Barracks Reactor  
  94  6:41  Starport Reactor  
  94  6:45  Siege Tank  
  94  6:46  SCV  
  98  6:48  Terran Infantry Weapons Level 1  
  98  6:49  Barracks  
  98  6:50  Barracks, Terran Infantry Armor Level 1  
  98  6:52  SCV  
  99  6:58  Marine x2  
  101  7:01  SCV  
  101  7:08  Sensor Tower  
  102  7:10  SCV  
  102  7:11  Sensor Tower  
  102  7:14  SCV, Refinery  
  102  7:15  Refinery  
  105  7:16  Sensor Tower  
  105  7:17  Medivac  
  105  7:18  Medivac  
  105  7:19  Marine  
  109  7:25  Supply Depot  
  109  7:27  Supply Depot  
  109  7:32  Combat Shield  
  109  7:46  Barracks Reactor x2, SCV x3, Marine x4, Siege Tank  
  120  7:58  SCV x3  
  120  8:02  Armory, Supply Depot  
  120  8:04  Factory  
  122  8:09  Missile Turret  
  122  8:10  Missile Turret x2  
  120  8:14  Missile Turret  
  120  8:15  Missile Turret, Marine  
  120  8:16  Marine  
  120  8:17  Marine x2  
  120  8:18  Marine  
  125  8:22  Medivac  
  125  8:26  Orbital Command  
  127  8:29  Marine x2  
  127  8:31  Marine, Siege Tank  
  127  8:32  Marine  
  127  8:33  Marine  
  127  8:34  Medivac, Marine x2  
  120  8:35  SCV  
  100  8:50  Orbital Command, Marine  
  100  8:51  Marine  
  100  8:52  Marine x2  
  95  8:57  SCV, Marine  
  95  8:58  Marine  
  95  9:02  Liberator, Orbital Command, Factory Tech Lab  
  95  9:03  SCV  
  95  9:04  Siege Tank  
  95  9:05  Marine  
  101  9:10  SCV, Marine  
  101  9:12  Marine  
  101  9:14  Marine  
  101  9:16  Marine  
  106  9:20  Marine  
  106  9:21  SCV  
  102  9:26  SCV  
  102  9:29  Medivac  
  102  9:31  SCV  
  104  9:36  SCV  
  105  9:38  SCV  
  105  9:39  Marine  
  105  9:44  Marine x2  
  110  9:48  SCV  
  110  9:49  Marine  
  110  9:51  SCV  
  112  9:57  Siege Tank  
  112  9:59  Siege Tank  
  117  10:00  SCV  
  117  10:01  SCV  
  117  10:03  SCV  
  117  10:06  Marine  
  121  10:07  Marine  
  121  10:08  Marine  
  121  10:10  Marine  
  121  10:12  SCV  
  121  10:13  Marine  
  127  10:14  Medivac  
  127  10:15  SCV  
  127  10:16  SCV, Marine  
  127  10:18  Marine  
  127  10:21  Marine  
  132  10:22  Marine  
  132  10:23  Sensor Tower  
  132  10:27  Orbital Command  
  132  10:29  Siege Tank  
  132  10:32  Marine  
  132  10:35  Marine  
  124  10:36  SCV, Marine x2  
  122  10:45  SCV  
  119  10:54  Marine  
  119  10:55  Marine x5  
  126  10:58  Siege Tank  
  126  11:01  Siege Tank  
  131  11:05  Marine  
  133  11:13  Marine  
  133  11:16  Supply Depot  
  133  11:22  Marine  
  133  11:25  Marine x3  
  116  11:28  Marine  
  116  11:29  Marine  
  116  11:30  Marine  
  116  11:32  Marine x2  
  109  11:40  Marine  
  109  11:46  SCV  
Tags
 
Add a new tag
Caveats
  • Supply blocks, unpowered buildings, or Contaminate may cause inaccurate times.
  • Supply counts are checked every 10 seconds.